 Dungeon Crawl Stone Soup version 0.29.1-1-gd02db6906a (webtiles) character file.

Game seed: 10104170892044048540

679 RogueRain17 the Chopper (level 7, -1/50 HPs)
             Began as a Demonspawn Gladiator on Sept 23, 2022.
             Slain by a yak (10 damage)
             ... on level 5 of the Dungeon.
             The game lasted 00:11:16 (5258 turns).

RogueRain17 the Chopper (Demonspawn Gladiator)      Turns: 5258, Time: 00:11:17

Health: -1/50      AC: 10    Str: 13 (16) XL:     7   Next: 34%
Magic:  0/7        EV: 13    Int:  9 (10) God:
Gold:   258        SH:  4    Dex: 13 (16) Spells: 6/6 levels left

rFire   + . .      SeeInvis .   a - +0 war axe
rCold   . . .      Faith    .   (no shield)
rNeg    . . .      Spirit   +   b - +0 leather armour
rPois   .          Reflect  .   c - +0 helmet
rElec   .          Harm     .   (no cloak)
rCorr   .          Rampage  .   (no gloves)
Will    .....      Clarity  +   (no boots)
Stlth   +.........              u - amulet of guardian spirit
HPRegen 0.16/turn               h - ring of protection from fire
MPRegen 0.10/turn               n - +6 ring of dexterity

@: attractive
A: icemail 1, sharp scales 2, condensation shield, demonic touch 1, clarity,
clumsy 2, MP-powered wands
a: no special abilities


You were on level 5 of the Dungeon.
You visited 1 branch of the dungeon, and saw 5 of its levels.

You collected 258 gold pieces.

Inventory:

Hand Weapons
 a - a +0 war axe (weapon)
Missiles
 d - 3 throwing nets (quivered)
 e - a javelin
Armour
 b - a +0 leather armour (worn)
 c - a +0 helmet (worn)
 o - an orb of guile
Jewellery
 h - a ring of protection from fire (left hand)
 n - a +6 ring of dexterity (right hand)
 u - an amulet of guardian spirit (around neck)
Wands
 g - a wand of digging (6)
 B - a wand of iceblast (2)
Scrolls
 m - a scroll of magic mapping
 t - a scroll of enchant weapon
 w - a scroll of torment
 x - 4 scrolls of immolation
Potions
 f - 2 potions of degeneration
 k - 2 potions of flight {unknown}
 p - 2 potions of brilliance {unknown}
 q - a potion of heal wounds {unknown}
 r - 4 potions of lignification {unknown}
 s - a potion of magic {unknown}
 v - a potion of cancellation {unknown}
 z - a potion of experience {unknown}


   Skills:
 - Level 2.0 Fighting
 * Level 6.6 Axes
 - Level 1.7 Throwing
 + Level 5.0 Dodging


You had 6 spell levels left.
You didn't know any spells.
Your spell library contained the following spells:

 Spells                   Type           Power      Damage    Failure   Level
 Slow                     Hex            0%         N/A       45%         1
 Confusing Touch          Hex            0%         N/A       83%         3
 Frozen Ramparts          Ice            0%         1d1       83%         3
 Vampiric Draining        Necr           0%         2d6       83%         3
 Ice Form                 Ice/Tmut       0%         N/A       99%         4
 Summon Ice Beast         Ice/Summ       0%         N/A       99%         4
 Yara's Violent Unravell  Hex/Tmut       0%         3d3       100%        5
 Enfeeble                 Hex            0%         N/A       100%        7


Dungeon Overview and Level Annotations

Branches:
Dungeon (5/15)
 Temple: D:4-7

Altars:
Fedhas
Okawaru

Shops:
D:3 *


Innate Abilities, Weirdness & Mutations

A meltable icy envelope protects you from harm. (AC +4)
You are mostly covered in razor-sharp scales. (AC +2, Slay +2)
A meltable shield of frost defends you. (SH +4)
Your touch may inflict minor irresistible damage on your foes.
You possess an exceptional clarity of mind.
You are very clumsy. (Dex -4)
You expend magic power (3 MP) to strengthen your wands.


Message History

You hit the yak. The necrophage barely misses you. The yak closely misses you.
You hit the necrophage.
You destroy the necrophage!
You barely miss the yak.
Your Dodging skill increases to level 5!
You closely miss the yak.
The yak is lightly wounded.
The yak gores you but does no damage. The yak attacks as you move away!
The yak closely misses you.
The yak snorts and paws the ground.
The yak attacks as you move away! The yak closely misses you.
The yak gores you! The yak attacks as you move away! The yak gores you.
There is an open door here.
The yak attacks as you move away! The yak gores you!
You hit the yak but do no damage. The yak misses you.
You closely miss the yak. The yak misses you.
You barely miss the yak. The yak gores you! The yak closely misses you.
Okay, then.
Aiming: Corrosive Bolt
Press: ? - help, Shift-Dir - straight line, f - yak
Aim: a yak (83% to hit)
The bolt of acid hits the yak.
The acid corrodes the yak!
The yak is lightly wounded.
The bolt of acid hits the yak.
The acid corrodes the yak!
The yak is lightly wounded.
The now-empty wand crumbles to dust.
The yak gores you!
* * * LOW HITPOINT WARNING * * *
It was a potion of degeneration.
There was something very wrong with that liquid.
You feel weakened.
You feel dopey.
You feel clumsy. The yak misses you.
It was a potion of mutation.
You feel extremely strange.
You feel clumsy.
Your thoughts seem clearer.
You feel clumsy.
You feel your magical essence link to the dungeon's wands.
The yak misses you.
It was a potion of attraction.
You feel attractive to monsters. The yak gores you!
You die...

#....#........)#.##........# #..
#....#.........#.#######+### #..
#....#.........#.# #.# #..
#....#.........#'#######.### #..
#....#.....)...............# #.)
#######....................#####'
......#.........Y(.............#.
......##########Y##............'.
......# #######@##............##
####### #.....................##
#.#####...#####......... #.#
#...# ########## #.# #...# #.#
#...##### #### #.# #.......# #...
#.#####.#.###.# #.##
#..........##.# #.#


You could see 2 yaks.

Vanquished Creatures
  An ice beast (D:4)
  An ogre (D:4)
  A necrophage (D:5)
  A hound (D:3)
  2 jellies
  2 orc priests
  An iguana (D:5)
  3 orc wizards
  9 adders
  An ufetubus (D:5)
  3 worms
  2 dart slugs
  16 orcs
  6 ball pythons
  8 bats
  2 endoplasms
  3 giant cockroaches
  6 goblins
  4 hobgoblins
  8 kobolds
  4 quokkas
  3 frilled lizards
  3 rats
90 creatures vanquished.

Notes
Turn   | Place    | Note
-------+----------+-------------------------------------------
     0 | D:1      | RogueRain17 the Demonspawn Gladiator began the quest for
                  | the Orb.
     0 | D:1      | Reached XP level 1. HP: 16/16 MP: 1/1
   154 | D:1      | Reached skill level 3 in Axes
   251 | D:1      | Gained mutation: A meltable shield of frost defends you.
                  | (SH +4) [demonic ancestry]
   251 | D:1      | Reached XP level 2. HP: 22/22 MP: 2/2
   880 | D:2      | Reached XP level 3. HP: 27/27 MP: 3/3
  1498 | D:2      | Found a faded altar of an unknown god.
  1869 | D:2      | Reached skill level 4 in Axes
  2223 | D:3      | Gained mutation: You are partially covered in razor-sharp
                  | scales. (AC +1, Slay +1) [demonic ancestry]
  2223 | D:3      | Reached XP level 4. HP: 31/33 MP: 4/4
  2657 | D:3      | Found Hoalo's Assorted Antiques.
  2952 | D:3      | Identified the +7 short sword of Wyrd {chaos, rElec rF++
                  | Dex-2 Stlth+}
  3031 | D:3      | Found a blossoming altar of Fedhas.
  3157 | D:3      | Found an iron altar of Okawaru.
  3302 | D:4      | Noticed an ice beast
  3511 | D:4      | Gained mutation: Your touch may inflict minor irresistible
                  | damage on your foes. [demonic ancestry]
  3511 | D:4      | Reached XP level 5. HP: 38/38 MP: 5/5
  3618 | D:4      | Killed an ice beast
  3619 | D:4      | Reached skill level 5 in Axes
  3774 | D:4      | Gained mutation: You are mostly covered in razor-sharp
                  | scales. (AC +2, Slay +2) [demonic ancestry]
  3774 | D:4      | Reached XP level 6. HP: 44/44 MP: 6/6
  4064 | D:4      | Identified the +2 helmet of Kindness {Int+9}
  4357 | D:5      | Entered Level 5 of the Dungeon
  4431 | D:5      | Reached skill level 6 in Axes
  4718 | D:5      | Gained mutation: A meltable icy envelope protects you from
                  | harm. (AC +4) [demonic ancestry]
  4718 | D:5      | Reached XP level 7. HP: 44/50 MP: 7/7
  5085 | D:5      | Noticed a yak
  5085 | D:5      | Noticed a yak
  5215 | D:5      | Noticed a yak
  5240 | D:5      | Reached skill level 5 in Dodging
  5257 | D:5      | Gained mutation: You are clumsy. (Dex -2) [potion of
                  | mutation]
  5257 | D:5      | Gained mutation: You possess an exceptional clarity of
                  | mind. [potion of mutation]
  5257 | D:5      | Gained mutation: You are very clumsy. (Dex -4) [potion of
                  | mutation]
  5257 | D:5      | Gained mutation: You expend magic power (3 MP) to
                  | strengthen your wands. [potion of mutation]
  5258 | D:5      | Slain by a yak

Illustrated notes

Levels and vault maps discovered:
D:1:      giann_forest_graveyard, layout_basic
D:2:      layout_basic, ebering_ecumenical_altar_abandoned
D:3:      layout_loops_cross, mainiacjoe_overflow_alcove_2,
          kennysheep_okawaru_gauntlet, serial_shops, nicolae_shop_waterfront
D:4:      layout_loops_ring
D:5:      layout_basic

Skill      XL: |  1  2  3  4  5  6  7 |
---------------+----------------------+-----
Axes           | 3 4 5 6 |  6.6
Dodging        | 3 4 5 |  5.0
Fighting       | |  2.0
Throwing       | |  1.7

Action                   |  1- 3 |  4- 6 |  7- 9 || total
-------------------------+-------+-------+-------++-------
Melee: War axe           |   114 |   108 |    43 ||   265
       Punch             |     2 |     1 |       ||     3
       Touch             |       |     8 |     6 ||    14
Evoke: Wand              |       |     7 |     1 ||     8
  Use: Potion            |       |     1 |     3 ||     4
       Scroll            |       |       |     5 ||     5
 Stab: Sleeping          |     1 |     2 |       ||     3
       Distracted        |       |     2 |       ||     2
Armor: Leather armour    |    40 |    41 |    14 ||    95
Dodge: Dodged            |   102 |    77 |    23 ||   202
Block: Other             |    29 |    18 |     6 ||    53
